 Dungeon Crawl Stone Soup version 0.20-a0-1020-g7b9e4fe (webtiles) character file.

79 Gorglomux the Poker (level 4, -2/38 HPs)
             Began as a Draconian Chaos Knight on Apr 18, 2017.
             Slain by Sigmund
             ... wielding a +0 scythe
              (15 damage)
             ... on level 3 of the Dungeon.
             The game lasted 00:05:11 (2172 turns).

Gorglomux the Poker (Draconian Chaos Knight)        Turns: 2172, Time: 00:05:12

Health: -2/38      AC:  6    Str: 14    XL:     4   Next: 16%
Magic:  4/4        EV: 12    Int: 12    God:    Xom [..*...]
Gold:   31         SH:  0    Dex: 12    Spells: 3/3 levels left

rFire    . . .     SeeInvis .   m - +2 quarterstaff (chaos)
rCold    . . .     Gourm    .   (shield currently unavailable)
rNeg     . . .     Faith    .   (armour unavailable)
rPois    .         Spirit   .   (helmet restricted)
rElec    .         Reflect  .   k - +0 cloak
rCorr    .         Harm     .   (no gloves)
MR       .....                  (no boots)
Stlth    +.........             (no amulet)
Regen    0.2/turn               (no ring)
MPRegen  0.1/turn               (no ring)

@: no status effects
A: unfitting armour, cold-blooded, AC +5
a: Renounce Religion


You were on level 3 of the Dungeon.
You worshipped Xom.
You were a toy of Xom.
You were not hungry.

You visited 1 branch of the dungeon, and saw 3 of its levels.

You collected 31 gold pieces.

Inventory:

Hand Weapons
 a - a +0 spear of chaos
 m - a +2 quarterstaff of chaos (weapon)
   (You found it on level 2 of the Dungeon)
Armour
 k - a +0 cloak (worn)
   (You found it on level 2 of the Dungeon)
Scrolls
 c - 3 scrolls of magic mapping {unknown}
 d - 4 scrolls of identify {unknown}
 e - a scroll of immolation {unknown}
 j - a scroll of recharging {unknown}
Potions
 f - a potion of heal wounds {unknown}
 h - a potion of might {unknown}
 l - a potion of degeneration {unknown}
 o - a potion of agility {unknown}
 p - a potion of ambrosia {unknown}
Comestibles
 b - a bread ration {@e1@e1}
 g - a meat ration {@e2@e2}
 i - 2 royal jellies
 n - 2 chunks of flesh {@w0@w0}


   Skills:
 - Level 3.2 Fighting
 - Level 4.5(4.7) Polearms
 + Level 1.8(3.4) Staves
 - Level 2.1 Dodging


You had 3 spell levels left.
You didn't know any spells.

Dungeon Overview and Level Annotations

Branches:
Dungeon (3/15)

Altars:
Fedhas
Ru
Wu Jian

Annotations:
D:3 Sigmund


Innate Abilities, Weirdness & Mutations

Your plain brown scales are hard. (AC +5)
You cannot fit into any form of body armour.
You are cold-blooded and may be slowed by cold attacks.


Message History

Your frilled lizard zombie barely misses the jackal.
You take 2 damage, and have 33/38 hp.
You miss the jackal. The jackal closely misses you.
Your frilled lizard zombie bites the jackal.
You closely miss the jackal. The jackal barely misses you.
The jackal misses you.
You miss the jackal.
Your frilled lizard zombie bites the jackal but does no damage.
The jackal bites you but does no damage.
You miss the jackal.
The jackal bites you but does no damage.
Your frilled lizard zombie bites the jackal.
The jackal closely misses your frilled lizard zombie.
You barely miss the jackal.
The jackal bites you but does no damage.
Your frilled lizard zombie completely misses the jackal.
You hit the jackal. You burn the jackal.
You kill the jackal!
You thump the rat!
You kill the rat!
No target in view!
No target in view!
You see here a bat corpse.
You butcher the bat corpse.
n - 3 chunks of flesh {@w0@w0} (gained 1)
You see here a rat corpse.
You butcher the rat corpse.
n - 4 chunks of flesh {@w0@w0} (gained 1)
There is an open door here.
Found a blossoming altar of Fedhas.
Health restored: 38
There is an open door here.
Found a sacrificial altar of Ru.
Eating one of 4 chunks of flesh {@w0@w0}.
You eat one of the 4 chunks of flesh {@w0@w0}.
Found an ornate altar of the Wu Jian Council.
No target in view!
There is a stone staircase leading up here.
Done exploring.
Done exploring.
Done exploring.
Done exploring.
Done exploring.
(D) Dungeon
Where to? (Enter - D:2 @ (x,y), ? - help)
You swap places.
There is a stone staircase leading up here.
A kobold comes into view. It is wielding a dagger.
The kobold shouts!
The kobold barely misses you.
You closely miss the kobold. The kobold hits you but does no damage.
You sock the kobold!
You kill the kobold!
No target in view!
No target in view!
No target in view!
No target in view!
No target in view!
No target in view!
(D) Dungeon
Where to? (Enter - D:3, ? - help)
Things that are here:
a dagger; a kobold corpse
There is a stone staircase leading down here.
You climb downwards.
Xom makes a sudden noise!
You hear the chiming of a distant gong.
You hear a shout! x2
There is a stone staircase leading up here.
You hear a zap.
You hear a grinding noise.
o - a blue potion Some of the chunks of flesh in your inventory have rotted away.
p - a yellow potion No target in view!
Sigmund the Dreaded comes into view.
He is wielding a scythe.
Unknown command.
Sigmund shouts!
Sigmund closely misses you.
Sigmund is nearby!
Unknown command.
Sigmund is nearby!
Unknown command.
You closely miss Sigmund.
Sigmund casts a spell.
Sigmund flickers and vanishes!
Deactivating autopickup; reactivate with Ctrl-A.
Unknown command.
No target in view!
No target in view!
Unknown command.
You sock something! Something hits you.
You take 3 damage, and have 35/38 hp.
You closely miss something. Something hits you!
Something hits you but does no damage.
You take 16 damage, and have 19/38 hp.
MASSIVE DAMAGE!!
You miss something. Something hits you.
You take 6 damage, and have 13/38 hp.
Unknown command.
You barely miss something. Something hits you!
You die...

.####.# #.# .# #.#
#.# .####.###.##.# .
..........##.# # ..
#####.######.#.# .#.
#.######.#.# ....
#..........# ...#.
########.#####......
#....@{......
#######...... ...##
.## #


There were no monsters in sight!

Vanquished Creatures
  2 adders (D:2)
  An ooze (D:2)
  2 dart slugs
  3 leopard geckos
  5 bats
  2 hobgoblins
  11 jackals
  A quokka (D:2)
  5 frilled lizards
  5 goblins
  5 kobolds
  8 rats
50 creatures vanquished.

Notes
Turn   | Place    | Note
-------+----------+-------------------------------------------
     0 | D:1      | Gorglomux the Draconian Chaos Knight began the quest for the Orb.
     0 | D:1      | Reached XP level 1. HP: 19/19 MP: 1/1
   110 | D:1      | XOM: divination: detect creatures
   134 | D:1      | Reached XP level 2. HP: 25/26 MP: 2/2
   522 | D:1      | XOM: harmless Pois miscast
   581 | D:1      | XOM: silly message
   595 | D:1      | Reached skill level 4 in Polearms
   903 | D:1      | XOM is BORED!
   903 | D:1      | XOM: noise
   911 | D:2      | Reached XP level 3. HP: 31/31 MP: 3/3
  1107 | D:2      | Found a runed door.
  1111 | D:2      | Noticed Crazy Yiuf
  1125 | D:2      | XOM: cast spell 'Leda's Liquefaction'
  1126 | D:2      | XOM: divination: detect creatures
  1130 | D:2      | Noticed Crazy Yiuf
  1130 | D:2      | Crazy Yiuf changed into Crazy Yiuf the adder
  1137 | D:2      | Killed Crazy Yiuf the adder
  1143 | D:2      | HP: 7/31 [poisoned by Crazy Yiuf]
  1151 | D:2      | HP: 6/31 [poisoned by Crazy Yiuf]
  1342 | D:2      | XOM: harmless Fire miscast
  1375 | D:2      | XOM: divination: detect creatures
  1505 | D:2      | Reached skill level 1 in Staves
  1923 | D:2      | Reached XP level 4. HP: 38/38 MP: 4/4
  1985 | D:2      | Found a blossoming altar of Fedhas.
  1990 | D:2      | Found a sacrificial altar of Ru.
  1991 | D:2      | Found an ornate altar of the Wu Jian Council.
  2128 | D:3      | XOM: noise
  2163 | D:3      | Noticed Sigmund
  2172 | D:3      | Slain by Sigmund

Vault maps used:
D:1:      minmay_arrival_split_and_join
D:2:      nicolae_overflow_hidden_temple, uniq_crazy_yiuf_cottage
D:3:      uniq_iyjb, uniq_terence, uniq_sigmund

Skill      XL: |  1  2  3 |
---------------+----------+-----
Polearms       | 4 |  4.5
Staves         | 1 |  1.8
Fighting       | |  3.2
Dodging        | |  2.1

Action                   |  1- 3 |  4- 6 || total
-------------------------+-------+-------++-------
Melee: Spear             |    96 |       ||    96
       Tailslap          |    11 |     1 ||    12
       Quarterstaff      |    32 |    25 ||    57
 Stab: Paralysed         |     2 |       ||     2
       Sleeping          |     1 |       ||     1
       Petrifying        |       |     2 ||     2
  Eat: Chunk             |     3 |     1 ||     4
Armor: Skin              |    23 |    10 ||    33
Dodge: Dodged            |    63 |    17 ||    80

Vault maps used:
D:1:      minmay_arrival_split_and_join
D:2:      nicolae_overflow_hidden_temple, uniq_crazy_yiuf_cottage
D:3:      uniq_iyjb, uniq_terence, uniq_sigmund

Table legend:
 A = Turns spent in this place as a percentage of turns spent in the entire game.
 B = Non-inter-level travel turns spent in this place as a percentage of non-inter-level travel turns spent in the entire game.
 C = Inter-level travel turns spent in this place as a percentage of turns spent in this place.
 D = Turns resting spent in this place as a percentage of non-inter-level travel turns spent in this place.
 E = Turns spent auto-exploring this place as a percentage of non-inter-level travel turns spent in this place.
 F = Non-inter-level travel turns spent in this place divided by the number of levels of this place that you've seen.
                   A       B       C       D       E      F
               +-------+-------+-------+-------+-------+----------------------
         Total | 100.0 | 100.0 |   0.7 |   0.4 |   9.6 | 223.3
       Dungeon | 100.0 | 100.0 |   0.7 |   0.4 |   9.6 | 223.3
               +-------+-------+-------+-------+-------+----------------------

Table legend:
 A = Kills in this place as a percentage of kills in entire the game.
 B = Kills by you in this place as a percentage of kills by you in the entire game.
 C = Kills by friends in this place as a percentage of kills by friends in the entire game.
 D = Other kills in this place as a percentage of other kills in the entire game.
 E = Experience gained in this place as a percentage of experience gained in the entire game.
 F = Experience gained in this place divided by the number of levels of this place that you have seen.
                   A       B       C       D       E      F
               +-------+-------+-------+-------+-------+----------------------
         Total | 100.0 | 100.0 |  -nan |  -nan | 100.0 |  37.7
       Dungeon | 100.0 | 100.0 |  -nan |  -nan | 100.0 |  37.7
               +-------+-------+-------+-------+-------+----------------------
